 Dungeon Crawl Stone Soup version 0.27.1-4-g1640c2035a (webtiles) character file.

Game seed: 9873852133645386424

698 scsoc the Chopper (level 7, -10/61 HPs)
             Began as a Hill Orc Fighter on Nov 5, 2021.
             Mangled by a yak (12 damage)
             ... on level 4 of the Dungeon.
             The game lasted 00:06:41 (3238 turns).

scsoc the Chopper (Hill Orc Fighter)                Turns: 3238, Time: 00:06:42

Health: -10/61     AC: 15    Str: 21    XL:     7   Next: 65%
Magic:  7/7        EV:  4    Int:  8    God:
Gold:   71         SH: 10    Dex: 10    Spells: 6/6 levels left

rFire    . . .     SeeInvis .   a - +0 war axe
rCold    . . .     Faith    .   c - +0 kite shield
rNeg     . . .     Spirit   .   l - +0 plate armour
rPois    .         Reflect  .   r - +2 helmet
rElec    .         Harm     .   (no cloak)
rCorr    +         Rampage  .   (no gloves)
Will     .....                  (no boots)
Stlth    ..........             (no amulet)
HPRegen  0.20/turn              g - ring of resist corrosion
MPRegen  0.10/turn              (no ring)

@: mighty
A: no striking features
a: no special abilities


You were on level 4 of the Dungeon.
You visited 1 branch of the dungeon, and saw 5 of its levels.

You collected 71 gold pieces.

Inventory:

Hand Weapons
 a - a +0 war axe (weapon)
Armour
 c - a +0 kite shield (worn)
 l - a +0 plate armour (worn)
 r - a +2 helmet (worn)
Jewellery
 g - a ring of resist corrosion (left hand)
 q - an amulet of the acrobat
Scrolls
 b - a scroll of identify
 e - a scroll of fog
 h - a scroll of enchant armour
 j - a scroll of noise {unknown}
 m - a scroll of teleportation
 n - a scroll of enchant weapon {unknown}
Potions
 d - 3 potions of might
 i - a potion of flight


   Skills:
 + Level 5.2 Fighting
 + Level 7.7 Axes
 + Level 4.8 Armour
 + Level 0.4 Dodging
 + Level 5.2 Shields


You had 6 spell levels left.
You didn't know any spells.
Your spell library was empty.

Dungeon Overview and Level Annotations

Branches:
Dungeon (5/15)
 Temple: D:4-7

Altars:
Vehumet

Shops:
D:2 (


Message History

The yak is heavily wounded.
You hit the yak. The yak barely misses you. You block the yak's attack.
You barely miss the yak.
The yak is heavily wounded.
You slash the yak! The yak gores you but does no damage.
You block the yak's attack.
You hit the yak.
The yak is heavily wounded.
Your shield and plate armour prevent you from hitting the yak.
You hit the yak. The yak gores you but does no damage.
You block the yak's attack. The yak gores you but does no damage.
The yak gores you! The yak gores you but does no damage.
You slash the yak!
The yak is severely wounded.
You slash the yak! You barely miss the yak. The yak gores you.
The yak gores you!
* * * LOW HITPOINT WARNING * * *
The yak gores you.
* * * LOW HITPOINT WARNING * * *
It was a potion of heal wounds.
You feel much better. You block the yak's attack. The yak gores you.
The yak gores you but does no damage.
It was a potion of magic.
Magic courses through your body. The yak gores you! x2
* * * LOW HITPOINT WARNING * * *
The yak gores you but does no damage.
It was a potion of curing.
You feel better. The yak barely misses you. The yak gores you.
* * * LOW HITPOINT WARNING * * *
You block the yak's attack.
You feel very mighty all of a sudden. The yak gores you.
* * * LOW HITPOINT WARNING * * *
The yak gores you.
* * * LOW HITPOINT WARNING * * *
You block the yak's attack.
As you read the scroll labelled VAHYNW TUXZYLE, it crumbles to dust.
It is a scroll of identify.
h - a scroll of enchant armour You block the yak's attack.
The yak gores you!
You die...

#.# #.# #####Y#
#.....# ...#..
#.##### #..#.# #.#
### #..#.# #.# #.#
#..#.# ###
#######.###.# #..#.#
#.. #Y@Y......).#
#....#.#.#
#Y#####.###)#
#....#.#.# #.# #.#
#.# #......#.# #.#
#.# #)# ..#..###<#
#.# ##.###.##
.(+......#
#.####....)).#
..########
#....)..###..# ..#..
######.......# ..#.#
###################.#


You could see 3 yaks.

Vanquished Creatures
  Grinder (D:4)
  2 yaks (D:4)
  A necrophage (D:4)
  An iguana (D:2)
  Natasha (D:4)
  A hound skeleton (D:4)
  Robin (D:4)
  2 adders
  A worm (D:2)
  2 dart slugs
  6 orcs (D:3)
  2 endoplasms (D:1)
  A giant cockroach (D:1)
  10 hobgoblins
  7 jackals
  3 kobolds
  5 ball pythons
  5 bats
  2 frilled lizards
  10 goblins
  2 rats
66 creatures vanquished.

Notes
Turn   | Place    | Note
-------+----------+-------------------------------------------
     0 | D:1      | scsoc the Hill Orc Fighter began the quest for the Orb.
     0 | D:1      | Reached XP level 1. HP: 19/19 MP: 1/1
   172 | D:1      | Reached XP level 2. HP: 27/27 MP: 2/2
   724 | D:1      | Reached skill level 3 in Axes
   912 | D:1      | Found a faded altar of an unknown god.
   924 | D:1      | Reached XP level 3. HP: 28/33 MP: 3/3
  1205 | D:2      | Reached skill level 4 in Axes
  1205 | D:2      | Reached XP level 4. HP: 35/41 MP: 4/4
  1318 | D:2      | Found Enegycho's Weapon Shop.
  1904 | D:3      | Found a radiant altar of Vehumet.
  2429 | D:4      | Noticed Natasha
  2431 | D:4      | Noticed Grinder
  2432 | D:4      | Killed Natasha
  2433 | D:4      | Reached XP level 5. HP: 47/47 MP: 5/5
  2434 | D:4      | Noticed a necrophage
  2437 | D:4      | Paralysed by Grinder for 4 turns
  2444 | D:4      | Paralysed by Grinder for 3 turns
  2448 | D:4      | Killed Grinder
  2449 | D:4      | Reached skill level 6 in Axes
  2449 | D:4      | Reached XP level 6. HP: 14/55 MP: 6/6
  2450 | D:4      | Killed a necrophage
  2451 | D:4      | Reached skill level 5 in Fighting
  2832 | D:4      | Noticed Robin
  2839 | D:4      | Killed Robin
  2924 | D:4      | Noticed a yak
  2924 | D:4      | Noticed a yak
  2940 | D:4      | Noticed a yak
  2941 | D:4      | Noticed a yak
  2942 | D:4      | Noticed a yak
  2951 | D:4      | Killed a yak
  2952 | D:4      | Reached skill level 7 in Axes
  2952 | D:4      | Reached skill level 5 in Shields
  2952 | D:4      | Reached XP level 7. HP: 26/61 MP: 7/7
  2958 | D:4      | Killed a yak
  3000 | D:5      | Entered Level 5 of the Dungeon
  3237 | D:4      | HP: 1/61 [yak (5)]
  3238 | D:4      | Mangled by a yak

Illustrated notes

Levels and vault maps discovered:
D:1:      minmay_arrival_pointy, layout_loops_corners, basic_ecumenical_altar
D:2:      layout_rooms, serial_shops, nicolae_lakefront_shop, minmay_hexomino_f4
D:3:      layout_loops_ring, lemuel_crystal_altar
D:4:      minmay_spotlight, layout_basic, uniq_natasha, uniq_robin, uniq_grinder
D:5:      layout_loops_ring, cheibriados_altar_1,
          minmay_temple_entry_stoned_glass, serial_shops, shop_fountains,
          nicolae_stop_n_shop_1, nicolae_shop_statue_plus, shop_statue,
          nicolae_shop_temple_entry_statues_fountains, uniq_prince_ribbit1

Skill      XL: |  1  2  3  4  5  6 |
---------------+-------------------+-----
Axes           | 3 4 6 7 |  7.7
Fighting       | 4 5 |  5.2
Armour         | 4 |  4.8
Shields        | 4 5 |  5.2
Dodging        | |  0.4

Action                   |  1- 3 |  4- 6 |  7- 9 || total
-------------------------+-------+-------+-------++-------
Melee: War axe           |    68 |    82 |    17 ||   167
  Use: Scroll            |     1 |     1 |     1 ||     3
       Potion            |       |     1 |     6 ||     7
Armor: Scale mail        |    22 |       |       ||    22
       Chain mail        |    17 |       |       ||    17
       Plate armour      |     9 |    55 |    13 ||    77
Dodge: Dodged            |    25 |     9 |     5 ||    39
Block: Kite shield       |    43 |    42 |    11 ||    96
